 Dungeon Crawl Stone Soup version 0.20.0-6-gd3061e9 (webtiles) character file.

1038 MTVSty1e the Skirmisher (level 8, -2/71 HPs)
             Began as a Yellow Draconian Transmuter on May 28, 2017.
             Slain by a centaur
             ... wielding a +0 dagger of electrocution
              (7 damage)
             ... on level 6 of the Dungeon.
             The game lasted 00:17:35 (7187 turns).

MTVSty1e the Skirmisher (DrTm)                      Turns: 7187, Time: 00:17:35

Health: -2/71      AC:  9    Str: 13    XL:     8   Next: 4%
Magic:  10/11      EV: 12    Int: 14    God:
Gold:   320        SH:  5    Dex: 13    Spells: 3/11 levels left

rFire    . . .     SeeInvis .     - Unarmed
rCold    . . .     Gourm    .   o - +1 buckler
rNeg     . . .     Faith    .   (armour unavailable)
rPois    .         Spirit   .   (helmet restricted)
rElec    .         Reflect  .   n - +0 cloak
rCorr    +         Harm     .   w - +0 pair of gloves {archery}
MR       .....                  m - +0 pair of boots
Stlth    +.........             (no amulet)
Regen    0.3/turn               (no ring)
MPRegen  0.2/turn               (no ring)

@: appendage
A: spit acid, acid resistance, unfitting armour, horns 2, cold-blooded, AC +6
a: Breathe Acid, End Transformation


You were on level 6 of the Dungeon.
You were hungry.
You had grown temporary horns.
You visited 1 branch of the dungeon, and saw 6 of its levels.

You collected 320 gold pieces.

Inventory:

Missiles
 a - 85 arrows
Armour
 m - a +0 pair of boots (worn)
 n - a +0 cloak (worn)
 o - a +1 buckler (worn)
 w - a +0 pair of gloves of archery (worn)
Wands
 l - a wand of iceblast (5/15)
 x - a wand of random effects (26/48)
 y - a wand of confusion (16/48)
 z - a wand of confusion (36/48)
Scrolls
 c - 2 scrolls of immolation
 e - a scroll of blinking
 f - 2 scrolls of enchant armour
 g - 14 scrolls of identify {unknown}
 h - a scroll of fog
 i - 5 scrolls of random uselessness
 j - 3 scrolls of remove curse
 r - a scroll of enchant weapon {unknown}
 t - 2 scrolls of teleportation {unknown}
 v - a scroll of magic mapping {unknown}
Potions
 d - a potion of brilliance
 p - 3 potions of magic {unknown}
 s - a potion of berserk rage {unknown}
 u - 2 potions of curing {unknown}
 A - a potion of flight {unknown}
Books
 b - a book of Changes

   Spells                             Type                      Level
   a - Beastly Appendage              Transmutation                1
   b - Sticks to Snakes               Transmutation                2
   c - Spider Form                    Transmutation/Poison         3
   d - Ice Form                       Ice/Transmutation            4
   e - Blade Hands                    Transmutation                5
Comestibles
 k - a royal jelly
 q - 4 bread rations


   Skills:
 * Level 6.5 Fighting
 - Level 1.7 Dodging
 + Level 2.8 Shields
 * Level 6.3 Unarmed Combat
 - Level 2.0 Spellcasting
 + Level 3.6 Transmutations


You had 3 spell levels left.
You knew the following spells:

 Your Spells              Type           Power        Failure   Level  Hunger
a - Beastly Appendage     Tmut           ##....       6%          1    ##.....
b - Sticks to Snakes      Tmut           ##......     10%         2    ###....
c - Blade Hands           Tmut           ##........   86%         5    ######.


Dungeon Overview and Level Annotations

Branches:
Dungeon (6/15)
 Temple: D:4-7

Altars:
Elyvilon
Sif Muna
Yredelemnul
Zin


Innate Abilities, Weirdness & Mutations

You can spit globs of acid.
You are resistant to acid.
Your golden yellow scales are hard. (AC +6)
You cannot fit into any form of body armour.
You are cold-blooded and may be slowed by cold attacks.
You have a pair of horns on your head.


Message History

The centaur hits you but does no damage.
You are electrocuted!
The centaur hits you but does no damage.
You are electrocuted!
* * * LOW HITPOINT WARNING * * *
You hit the centaur. Your headbutt misses the centaur.
You tail-slap the centaur.
The centaur is moderately wounded.
The centaur barely misses you. The centaur closely misses you.
You punch the centaur!
The centaur is severely wounded.
The centaur hits you with an uncursed dagger of electrocution.
* * * LOW HITPOINT WARNING * * *
You are electrocuted!
* * * LOW HITPOINT WARNING * * *
The centaur barely misses you.
You hit the centaur.
The centaur is almost dead.
The centaur hits you with an uncursed dagger of electrocution!
You die...

##..##.....##.### #
##.####.####.....##
#...........# #...
##........# ...
####.....###.#
####(##...# #((..#
##..)#####
#...@c..#
#.####...... ..?.
###.. .#..# #. #.##
# .: ##


You could see a centaur.

Vanquished Creatures
  The ghost of MDvedh the Cleaver, an amateur TeBe of Trog (D:6)
  An orc warrior (D:6)
  A centaur (D:6)
  2 scorpions
  A wight (D:6)
  A jelly (D:5)
  2 orc priests (D:5)
  2 hounds (D:4)
  An iguana (D:5)
  6 orc wizards
  A hound skeleton (D:4)
  Robin (D:2)
  4 adders
  4 oozes
  2 worms
  A dart slug (D:3)
  2 leopard geckos (D:1)
  18 orcs
  A ball python (D:3)
  3 bats
  9 giant cockroaches
  15 goblins
  11 hobgoblins
  13 jackals
  2 quokkas
  4 frilled lizards
  A jackal skeleton (D:6)
  10 kobolds
  A leopard gecko skeleton (D:5)
  8 rats
129 creatures vanquished.

Notes
Turn   | Place    | Note
-------+----------+-------------------------------------------
     0 | D:1      | MTVSty1e the Draconian Transmuter began the quest for the Orb.
     0 | D:1      | Reached XP level 1. HP: 16/16 MP: 3/3
   212 | D:1      | Reached XP level 2. HP: 15/24 MP: 3/5
   732 | D:1      | Reached XP level 3. HP: 15/30 MP: 6/6
  1785 | D:2      | Reached XP level 4. HP: 38/38 MP: 5/7
  2002 | D:2      | Noticed Robin
  2052 | D:2      | Killed Robin
  2461 | D:3      | Reached XP level 5. HP: 39/46 MP: 8/8
  2968 | D:3      | Found a basalt altar of Yredelemnul.
  3057 | D:3      | Learned a level 2 spell: Sticks to Snakes
  3884 | D:4      | Reached XP level 6. HP: 48/53 MP: 9/9
  3908 | D:4      | Learned a level 5 spell: Blade Hands
  3984 | D:4      | Reached skill level 1 in Shields
  3984 | D:4      | Reached skill level 5 in Unarmed Combat
  4019 | D:4      | Reached skill level 5 in Fighting
  4577 | D:5      | Entered Level 5 of the Dungeon
  4629 | D:5      | Your scales start taking on a golden yellow colour.
  4629 | D:5      | Reached XP level 7. HP: 9/61 MP: 8/10
  5562 | D:5      | Found a white marble altar of Elyvilon.
  5846 | D:5      | Found a deep blue altar of Sif Muna.
  6443 | D:6      | Noticed MDvedh's ghost (amateur TeBe)
  6473 | D:6      | Killed MDvedh's ghost
  7053 | D:6      | Found a glowing silver altar of Zin.
  7086 | D:6      | Reached XP level 8. HP: 26/71 MP: 11/11
  7187 | D:6      | Slain by a centaur

Skill      XL: |  1  2  3  4  5  6  7 |
---------------+----------------------+-----
Fighting       | 2 3 4 5 6 |  6.5
Unarmed Combat | 4 5 6 |  6.3
Shields        | 1 2 |  2.8
Transmutations | 3 |  3.6
Dodging        | |  1.7
Spellcasting   | |  2.0

Action                   |  1- 3 |  4- 6 |  7- 9 || total
-------------------------+-------+-------+-------++-------
Melee: Unarmed           |   143 |   298 |   133 ||   574
       Tailslap          |    13 |    27 |    12 ||    52
       Kick              |     6 |       |       ||     6
       Headbutt          |     4 |    21 |    16 ||    41
       Punch             |       |     1 |       ||     1
 Cast: Beastly Appendage |    21 |    35 |    14 ||    70
       Sticks to Snakes  |       |       |     2 ||     2
 Abil: Breathe Acid      |       |       |     2 ||     2
  Use: Potion            |       |     1 |       ||     1
       Scroll            |       |       |     7 ||     7
 Stab: Sleeping          |       |     1 |       ||     1
  Eat: Bread ration      |     1 |     1 |     1 ||     3
       Meat ration       |       |     1 |       ||     1
       Royal jelly       |       |       |     2 ||     2
Armor: Skin              |    38 |    94 |    33 ||   165
Dodge: Dodged            |    98 |   178 |    49 ||   325
Block: Buckler           |       |    25 |    22 ||    47
